 Dungeon Crawl Stone Soup version 0.14-a0-1811-gdc2d5af (webtiles) character file.

84 M4edhros the Shield-Bearer (level 3, -5/26 HPs)
             Began as an Octopode Fighter on Jan 8, 2014.
             Slain by a gnoll (8 damage)
             ... on Level 2 of the Dungeon.
             The game lasted 00:00:55 (1076 turns).

M4edhros the Shield-Bearer (Octopode Fighter)       Turns: 1076, Time: 00:00:55

HP  -5/26        AC  1     Str 15      XL: 3   Next: 93%
MP   0/3         EV 10     Int 11      God:
Gold 29          SH 18     Dex 11      Spells:  0 memorised,  2 levels left

rFire  . . .     SeeInvis .     a - +0 trident
rCold  . . .     Clarity  .     c - +0 shield
rNeg   . . .     Conserve .     (helmet restricted)
rPois  .         rCorr    .     e - cursed amulet of guardian spirit
rElec  .         rRot     .     (no ring)
SustAb . .       Spirit   +     (no ring)
rMut   .         Warding  .     (no ring)
Saprov . . .     Stasis   .     (no ring)
                                (no ring)
                                (no ring)
                                (no ring)
                                (no ring)

@: not resistant to hostile enchantments, fairly stealthy
A: almost no armour, amphibious, 8 rings, constrict 8, camouflage 1, gelatinous
body 1
a: no special abilities


You were on level 2 of the Dungeon.
You were hungry.

You visited 1 branch of the dungeon, and saw 2 of its levels.

You collected 29 gold pieces.

Inventory:

Hand weapons
 a - a +0,+0 trident (weapon)
Armour
 c - a +0 shield (worn)
Magical devices
 q - a wand of frost (6)
Comestibles
 d - 3 bread rations
 g - a pear
 o - a meat ration
Scrolls
 b - a scroll of fog {unknown}
 f - a scroll of curse jewellery {unknown}
 j - 2 scrolls of enchant weapon I {unknown}
 m - a scroll of remove curse {unknown}
 n - 2 scrolls of identify {unknown}
 p - a scroll of curse armour {unknown}
 r - a scroll of teleportation {unknown}
 s - a scroll of magic mapping {unknown}
Jewellery
 e - a cursed amulet of guardian spirit (around mantle)
 k - an uncursed amulet of warding {unknown}
Potions
 h - 2 potions of curing {unknown}
 i - 4 potions of heal wounds {unknown}
 l - a potion of agility {unknown}


   Skills:
 - Level 3.0 Fighting
 - Level 2.0 Polearms
 - Level 3.0 Dodging
 + Level 4.7 Shields


You had 2 spell levels left.
You didn't know any spells.

Dungeon Overview and Level Annotations

Branches:
Dungeon (2/16)

Altars:


Innate Abilities, Weirdness & Mutations

You cannot wear most types of armour.
You are amphibious.
You can wear up to eight rings at the same time.
You can use your tentacles to constrict many enemies at once.
Your skin changes colour to match your surroundings (Stlth).
Your rubbery body absorbs attacks (AC +1).


Message History

Aim: a gnoll, wielding a whip (heavily wounded)
The puff of frost hits the gnoll.
The gnoll is almost dead.
Evoke which item? (* to show all) (? for menu, Esc to quit)
Zapping:
q - a wand of frost {zapped: 5}
Press: ? - help, Shift-Dir - straight line, f/p - gnoll
Aim: a gnoll, wielding a whip (almost dead)
The puff of frost hits the gnoll.
You kill the gnoll!
The gnoll barely misses you.
You see here a whip.
You hit the gnoll. Your grab misses the gnoll.
The gnoll is heavily wounded.
The gnoll hits you.
You barely miss the gnoll. You grab the gnoll.
The gnoll is heavily wounded.
You constrict the gnoll. The gnoll hits you.
* * * LOW HITPOINT WARNING * * *
The gnoll hits you!
You die...

####.....##....#.##.##.##
.##...#####)##.........
..##.## #.#####.##.##
#.##. #.#####.##.# #gg..
#.(.....##.# #g###
##########.# #.#
####..........#
#.######....###########
#....g@....## #...
########...# #.## #####
#.# #.## #... #### # # #


You could see a gnoll.

Vanquished Creatures
  2 gnolls (D:2)
  A giant mite (D:1)
  4 bats
  A giant cockroach (D:1)
  4 goblins
  2 hobgoblins (D:1)
  3 jackals (D:1)
  2 ball pythons
  A giant gecko (D:1)
  3 giant newts
  2 kobolds
  5 rats
30 creatures vanquished.

Notes
Turn   | Place    | Note
--------------------------------------------------------------
     0 | D:1      | M4edhros, the Octopode Fighter, began the quest for the Orb.
     0 | D:1      | Reached XP level 1. HP: 16/16 MP: 1/1
    58 | D:1      | Reached XP level 2. HP: 15/21 MP: 2/2
   564 | D:1      | Reached skill level 4 in Shields
   564 | D:1      | Reached XP level 3. HP: 26/26 MP: 3/3
  1076 | D:2      | Slain by a gnoll

Action                   || total
-------------------------++-------
Melee: Trident           ||    57
Evoke: Wand              ||     6
 Stab: Sleeping          ||     8
